 Dungeon Crawl Stone Soup version 0.29.0-10-g45618ea6d2 (webtiles) character file.

Game seed: 3442947580131594224

864 SensoryNuts the Carver (level 7, -4/61 HPs)
             Began as a Minotaur Fighter on Sept 2, 2022.
             Slain by a yak (11 damage)
             ... on level 6 of the Dungeon.
             The game lasted 00:04:26 (5336 turns).

SensoryNuts the Carver (Minotaur Fighter)           Turns: 5336, Time: 00:04:27

Health: -4/61      AC: 18    Str: 20    XL:     7   Next: 72%
Magic:  6/6        EV: 10    Int:  5    God:
Gold:   303        SH:  5    Dex: 12    Spells: 6/6 levels left

rFire   . . .      SeeInvis +   p - +1 falchion (protect)
rCold   . . .      Faith    .   c - +0 buckler
rNeg    . . .      Spirit   .   b - +0 scale mail
rPois   .          Reflect  .   (helmet restricted)
rElec   .          Harm     .   (no cloak)
rCorr   .          Rampage  .   n - +0 pair of gloves
Will    .....                   m - +1 pair of boots
Stlth   ..........              (no amulet)
HPRegen 0.20/turn               f - ring of see invisible
MPRegen 0.10/turn               (no ring)

@: mighty, under a protective aura
A: horns 2, retaliatory headbutt
a: no special abilities


You were on level 6 of the Dungeon.
You visited 2 branches of the dungeon, and saw 7 of its levels.

You collected 303 gold pieces.

Inventory:

Hand Weapons
 a - a +0 long sword
 p - a +1 falchion of protection (weapon)
Missiles
 g - 2 throwing nets (quivered)
Armour
 b - a +0 scale mail (worn)
 c - a +0 buckler (worn)
 m - a +1 pair of boots (worn)
 n - a +0 pair of gloves (worn)
Jewellery
 f - a ring of see invisible (left hand)
 t - an amulet of reflection
 x - a ring of wizardry
 y - a ring of ice
 z - a +6 ring of dexterity
Wands
 w - a wand of flame (7)
 B - a wand of mindburst (19)
Scrolls
 e - 2 scrolls of enchant armour
 j - 3 scrolls of teleportation
 o - 2 scrolls of amnesia
 q - a scroll of magic mapping
 A - a scroll of brand weapon {unknown}
Potions
 d - a potion of might
 h - 3 potions of curing
 i - a potion of lignification
 k - a potion of cancellation
 r - a potion of resistance {unknown}
 s - a potion of attraction
 u - a potion of ambrosia {unknown}
 v - 3 potions of flight {unknown}


   Skills:
 + Level 5.2 Fighting
 * Level 8.0 Long Blades
 + Level 5.8 Armour
 + Level 2.0 Dodging
 + Level 1.0 Stealth
 + Level 4.4 Shields


You had 6 spell levels left.
You didn't know any spells.
Your spell library contained the following spells:

 Spells                   Type           Power      Damage    Failure   Level
 Blink                    Tloc           0%         N/A       95%         2
 Lesser Beckoning         Tloc           0%         N/A       99%         3
 Manifold Assault         Tloc           0%         N/A       100%        5


Dungeon Overview and Level Annotations

Branches:
Dungeon (6/15)             Temple (1/1) D:4

Altars:
Ashenzari
Dithmenos
Gozag
Hepliaklqana
Kikubaaqudgha
Nemelex Xobeh
Okawaru
Qazlal
Ru
Sif Muna
Trog
Uskayaw
Vehumet
Wu Jian
Xom
Yredelemnul
Zin
The Shining One


Innate Abilities, Weirdness & Mutations

You have a pair of horns on your head.
You reflexively headbutt those who attack you in melee.


Message History

You are too injured to fight recklessly!
You are too injured to fight recklessly!
You are too injured to fight recklessly!
You are too injured to fight recklessly!
You are too injured to fight recklessly!
You are too injured to fight recklessly!
You are too injured to fight recklessly!
You are too injured to fight recklessly!
You are too injured to fight recklessly!
You are too injured to fight recklessly!
You are too injured to fight recklessly!
Unknown command.
Okay, then.
As you read the scroll of fog, it crumbles to dust.
The scroll dissolves into smoke.
You block the yak's attack. The yak completely misses you.
The yak attacks as you move away! The yak closely misses you.
The yak attacks as you move away! The yak gores you but does no damage.
The yak attacks as you move away! The yak gores you.
You feel very mighty all of a sudden. The yak barely misses you.
You hit the yak.
Your weapon exudes an aura of protection.
The yak is lightly wounded.
The yak gores you but does no damage.
You completely miss the yak.
The yak is lightly wounded.
The yak gores you!
* * * LOW HITPOINT WARNING * * *
You hit the yak.
The yak is moderately wounded.
The yak completely misses you.
You barely miss the yak.
The yak is moderately wounded.
The yak gores you.
* * * LOW HITPOINT WARNING * * *
You slash the yak!
The yak is heavily wounded.
The yak gores you!
You die...

#..#.# #.##.#.#
###..#.#########.##.#.#
.....#...§......##.#.# #
.§###§.§#####.#..#..
###..#§#§##.#####....#####
....YYY§Y§YY.......#.......
.##########Y###..#...#####.
#Y# ##.....# #@# ##.##.#
#.# #.##.# #.# #.##.# #.#
#.##.# #.#####.##.#
#..........# #.##....##.#
#.##.#####.# ####.##.## #.#


You could see 4 yaks.

Vanquished Creatures
  A black bear (D:5)
  An ogre (D:6)
  A centaur (D:6)
  2 scorpions (D:6)
  A hound (D:5)
  A jelly (D:6)
  2 gnoll boudas
  Terence (D:2)
  2 iguanas
  3 orc wizards
  8 gnolls
  5 adders
  An ufetubus (D:5)
  A dart slug (D:4)
  17 orcs
  8 endoplasms
  3 giant cockroaches
  7 goblins
  5 hobgoblins
  5 jackals
  2 quokkas
  3 ball pythons
  6 bats
  2 frilled lizards
  3 kobolds
  5 rats
96 creatures vanquished.

Vanquished Creatures (others)
  An angel (D:5)
1 creature vanquished.

Grand Total: 97 creatures vanquished

Notes
Turn   | Place    | Note
-------+----------+-------------------------------------------
     0 | D:1      | SensoryNuts the Minotaur Fighter began the quest for the
                  | Orb.
     0 | D:1      | Reached XP level 1. HP: 19/19 MP: 0/0
   280 | D:1      | Reached XP level 2. HP: 27/27 MP: 1/1
   422 | D:1      | Reached skill level 3 in Long Blades
   669 | D:1      | Found a faded altar of an unknown god.
  1134 | D:2      | Reached XP level 3. HP: 33/33 MP: 2/2
  1243 | D:2      | You fall into a shaft and drop 1 floor!
  1384 | D:2      | Noticed Terence
  1401 | D:2      | Killed Terence
  1707 | D:2      | Reached XP level 4. HP: 27/40 MP: 3/3
  2236 | D:3      | Reached skill level 4 in Long Blades
  2769 | D:4      | Found a shadowy altar of Dithmenos.
  2779 | D:4      | Reached XP level 5. HP: 47/47 MP: 4/4
  2791 | D:4      | Reached skill level 1 in Dodging
  3372 | D:4      | Found a staircase to the Ecumenical Temple.
  3392 | Temple   | Entered the Ecumenical Temple
  3625 | D:5      | Entered Level 5 of the Dungeon
  3897 | D:5      | Noticed a black bear
  3902 | D:5      | Killed a black bear
  3903 | D:5      | Reached skill level 5 in Long Blades
  3903 | D:5      | Reached XP level 6. HP: 50/53 MP: 5/5
  3932 | D:5      | Reached skill level 5 in Armour
  4131 | D:5      | Reached skill level 6 in Long Blades
  4213 | D:5      | Killed an angel
  4350 | D:5      | Found a shimmering altar of Xom.
  4350 | D:5      | Found a glowing silver altar of Zin.
  4760 | D:6      | Reached skill level 5 in Fighting
  4786 | D:6      | Reached XP level 7. HP: 55/61 MP: 6/6
  4826 | D:6      | Reached skill level 7 in Long Blades
  5001 | D:6      | Reached skill level 1 in Stealth
  5167 | D:6      | Reached skill level 8 in Long Blades
  5310 | D:6      | Noticed a yak
  5311 | D:6      | Noticed a yak
  5312 | D:6      | Noticed a yak
  5313 | D:6      | Noticed a yak
  5315 | D:6      | Noticed a yak
  5336 | D:6      | Slain by a yak

Illustrated notes

Levels and vault maps discovered:
D:1:      lightli_arrival_isolated_outpost, layout_basic,
          hellmonk_ecumenical_altar_crossroads
D:2:      layout_loops_cross, kennysheep_cluttered_room, uniq_terence
D:3:      layout_loops_ring
D:4:      layout_basic, nicolae_dithmenos_the_darkroom, minmay_temple_entry_grid
D:5:      layout_basic, grunt_temple_overflow_order_and_chaos_1
D:6:      layout_loops_ring, roderic_lattice_a
Temple:   hellmonk_temple_two_chambers

Skill      XL: |  1  2  3  4  5  6  7 |
---------------+----------------------+-----
Armour         | 4 5 |  5.8
Long Blades    | 3 4 5 6 8 |  8.0
Fighting       | 4 5 |  5.2
Shields        | 4 |  4.4
Dodging        | 1 2 |  2.0
Stealth        | 1 |  1.0

Action                   |  1- 3 |  4- 6 |  7- 9 || total
-------------------------+-------+-------+-------++-------
Melee: Long sword        |    60 |       |       ||    60
       Headbutt          |    11 |    21 |    13 ||    45
       Falchion          |     6 |   147 |    79 ||   232
  Use: Potion            |     1 |       |     1 ||     2
       Scroll            |       |    14 |     1 ||    15
Armor: Scale mail        |    24 |    77 |    43 ||   144
Dodge: Dodged            |    35 |    52 |    43 ||   130
Block: Buckler           |    12 |    25 |    19 ||    56
